 Dungeon Crawl Stone Soup version 0.18.1-50-g88ac8fd (webtiles) character file.

5127 Chiseanne the Imperceptible (level 10, -4/69 HPs)
             Began as a Spriggan Assassin on Mar 28, 2017.
             Killed from afar by Erolcha (30 damage)
             ... with a bolt of fire
             ... on level 8 of the Dungeon.
             The game lasted 00:23:22 (11220 turns).

Chiseanne the Imperceptible (Spriggan Assassin)    Turns: 11220, Time: 00:23:22

Health: -4/69      AC:  5    Str: 12    XL:     10   Next: 33%
Magic:  11/11      EV: 17    Int: 14    God:
Gold:   354        SH:  0    Dex: 20    Spells: 0 memorised, 9 levels left

rFire  . . .     SeeInvis +     a - +2 dagger (venom)
rCold  . . .     Gourm    .     c - +1 robe
rNeg   . . .     Faith    .     (shield restricted)
rPois  .         Spirit   .     (helmet restricted)
rElec  .         Dismiss  .     d - +1 cloak
rCorr  +         Reflect  .     (gloves unavailable)
SustAt .         Harm     .     (boots unavailable)
MR     +....                    (no amulet)
Stlth  ..........               p - ring of wizardry
                                v - ring of resist corrosion

@: confused, berserking, very slightly contaminated, hasted, very quick,
somewhat resistant to hostile enchantments, extremely unstealthy
A: unfitting armour, see invisible, herbivore 3, speed 3, slow metabolism 2
a: no special abilities


You were on level 8 of the Dungeon.
You were not hungry.

You visited 2 branches of the dungeon, and saw 9 of its levels.

You collected 354 gold pieces.

Inventory:

Hand Weapons
 a - a +2 dagger of venom (weapon)
 e - a +0 hunting sling
 m - a +1 falchion of pain
 s - a +3 quarterstaff of chaos
 w - a +0 blowgun
Missiles
 h - 123 arrows
 i - 80 poisoned needles
 j - 259 stones (quivered)
 q - a curare-tipped needle
 y - 83 bolts
 D - 2 needles of confusion
Armour
 c - a +1 robe (worn)
 d - a +1 cloak (worn)
Jewellery
 p - a ring of wizardry (right hand)
 v - a ring of resist corrosion (left hand)
Wands
 B - a wand of disintegration (13/24)
Scrolls
 b - a scroll of remove curse
 f - 2 scrolls of amnesia
 o - 4 scrolls of teleportation
Potions
 k - 2 potions of brilliance
 l - a potion of curing
 r - a potion of magic
 t - 2 potions of might
 u - a potion of flight
 x - a potion of lignification {unknown}
 z - a potion of haste
 A - a potion of resistance
 G - a potion of invisibility
Books
 C - a book of Envenomations

   Spells                             Type                      Level
   a - Spider Form                    Transmutation/Poison         3
   b - Olgreb's Toxic Radiance        Poison                       4
   c - Alistair's Intoxication        Transmutation/Poison         5
   d - Poisonous Cloud                Conjuration/Poison/Air       6
 E - a book of Changes

   Spells                             Type                      Level
   a - Beastly Appendage              Transmutation                1
   b - Sticks to Snakes               Transmutation                2
   c - Spider Form                    Transmutation/Poison         3
   d - Ice Form                       Ice/Transmutation            4
   e - Blade Hands                    Transmutation                5
Comestibles
 g - 5 bread rations
 F - a slice of pizza


   Skills:
 - Level 1.5 Fighting
 - Level 2.1 Short Blades
 - Level 2.0 Throwing
 - Level 1.5 Dodging
 + Level 21.4 Stealth


You had 9 spell levels left.
You didn't know any spells.

Dungeon Overview and Level Annotations

Branches:
Dungeon (8/15)             Temple (1/1) D:5
   Lair: D:8-11

Altars:
Ashenzari
Cheibriados
Dithmenos
Elyvilon
Kikubaaqudgha
Makhleb
Nemelex Xobeh
Okawaru
Pakellas
Qazlal
Ru
Sif Muna
Trog
Vehumet
Xom
Yredelemnul
Zin
The Shining One

Shops:
D:4 *   D:6 :

Annotations:
D:3 Chiseanne's ghost, amateur SpAs
D:8 Erolcha


Innate Abilities, Weirdness & Mutations

You are tiny and cannot use many weapons and most armour.
You have supernaturally acute eyesight.
You are a herbivore.
You cover ground extremely quickly.
You need consume almost no food.


Message History

Erolcha zaps a wand.
Your will is overpowered!
You are confused.
It is a wand of enslavement.
You hit Erolcha but do no damage.
Erolcha looks even sicker.
Erolcha is lightly wounded.
Erolcha screams, "Eat!"
Erolcha gestures at you while chanting. The bolt of cold hits you!
Ouch! That really hurt!
You hit Erolcha.
Erolcha is moderately wounded.
You bump into the rock wall.
Erolcha completely misses you.
Drink which item? (? for menu, Esc to quit)
A red film seems to cover your vision as you go berserk!
You feel yourself moving faster!
You feel mighty!
You bump into the rock wall.
You feel a strong urge to attack something.
Erolcha gestures at you while chanting. The bolt of fire hits you!
You die...

#.##...........#
#.####.t.[.#.##.#
#.# #..)....# ..#
#.# #.#...### .#.
#[# #.##.#### .#.
#)# #........ #.#
#.##.#### #.#
#.##.# #@#
#.##.#####.#§
#O####...........#
#..........######§
######...### #####


You could see Erolcha.

Vanquished Creatures
  4 yaks (D:4)
  Edmund (D:6)
  A steam dragon (D:8)
  A water moccasin (D:7)
  2 ice beasts (D:7)
  6 sky beasts
  2 black bears
  4 necrophages
  3 ogres
  4 centaurs
  4 giant frogs
  2 scorpions
  A water moccasin skeleton (D:5)
  10 killer bees (D:8)
  A howler monkey (D:6)
  3 crimson imps
  3 jellies
  A giant frog zombie (D:8)
  6 hounds
  Crazy Yiuf (D:2)
  A centaur skeleton (D:7)
  5 orc priests
  12 orc wizards
  Ijyb (D:2)
  Natasha (thrice) (D:3)
  3 iguanas
  3 worker ants
  A hound skeleton (D:5)
  A mummy (D:8)
  A worker ant zombie (D:5)
  Robin (D:2)
  5 gnolls
  5 adders
  A shadow imp (D:6)
  3 oozes
  2 adder zombies
  2 adder skeletons
  5 worms
  3 dart slugs
  4 giant geckos
  27 orcs
  A ball python (D:1)
  6 bats
  5 giant cockroaches
  11 goblins
  13 hobgoblins
  15 jackals
  4 quokkas
  A giant gecko zombie (D:3)
  2 giant newts
  9 kobolds
  6 rats
222 creatures vanquished.

Vanquished Creatures (others)
  A withered plant (D:8)
1 creature vanquished.

Grand Total: 223 creatures vanquished

Notes
Turn   | Place    | Note
--------------------------------------------------------------
     0 | D:1      | Chiseanne the Spriggan Assassin began the quest for the Orb.
     0 | D:1      | Reached XP level 1. HP: 10/10 MP: 2/2
    64 | D:1      | Reached skill level 6 in Stealth
   108 | D:1      | Reached XP level 2. HP: 11/14 MP: 3/3
   229 | D:1      | Reached skill level 7 in Stealth
   432 | D:1      | Reached XP level 3. HP: 15/18 MP: 4/4
   924 | D:2      | Noticed Ijyb
   928 | D:2      | Killed Ijyb
   928 | D:2      | Reached skill level 8 in Stealth
  1014 | D:2      | Noticed Crazy Yiuf
  1544 | D:2      | Killed Crazy Yiuf
  1544 | D:2      | Reached XP level 4. HP: 22/22 MP: 5/5
  1628 | D:2      | Reached skill level 9 in Stealth
  1670 | D:2      | Noticed Robin
  1802 | D:2      | Found a faded altar to an unknown god.
  1822 | D:2      | Reached XP level 5. HP: 25/25 MP: 6/6
  2188 | D:2      | Reached skill level 10 in Stealth
  2225 | D:2      | Killed Robin
  2838 | D:3      | Noticed Natasha
  2840 | D:3      | Killed Natasha
  3062 | D:3      | Found a sparkling altar of Nemelex Xobeh.
  3195 | D:3      | Noticed Chiseanne's ghost (amateur SpAs)
  3205 | D:3      | Noticed Natasha
  3213 | D:3      | Killed Natasha
  3213 | D:3      | Reached skill level 11 in Stealth
  3213 | D:3      | Reached XP level 6. HP: 25/30 MP: 7/7
  3545 | D:3      | Noticed Natasha
  3671 | D:3      | Killed Natasha
  3935 | D:3      | Found a burning altar of Makhleb.
  3936 | D:3      | Found a bloodstained altar of Trog.
  4450 | D:4      | Reached skill level 12 in Stealth
  4535 | D:4      | Found Rocvaf's General Store.
  4636 | D:4      | Reached XP level 7. HP: 33/33 MP: 8/8
  4753 | D:5      | Entered Level 5 of the Dungeon
  4758 | D:5      | Reached skill level 13 in Stealth
  5668 | D:4      | Noticed a yak
  5669 | D:4      | Noticed a yak
  5670 | D:4      | Noticed a yak
  5671 | D:4      | Noticed a yak
  5707 | D:4      | Killed a yak
  5707 | D:4      | Reached skill level 14 in Stealth
  5731 | D:4      | Killed a yak
  5731 | D:4      | Reached XP level 8. HP: 11/37 MP: 9/9
  6002 | D:4      | Reached skill level 15 in Stealth
  6635 | D:5      | Reached skill level 16 in Stealth
  6680 | D:5      | Found a stormy altar of Qazlal.
  6682 | D:5      | Found a sparkling altar of Nemelex Xobeh.
  6685 | D:5      | Found a white marble altar of Elyvilon.
  6687 | D:5      | Found a shattered altar of Ashenzari.
  6687 | D:5      | Found a shadowy altar of Dithmenos.
  6688 | D:5      | Found an iron altar of Okawaru.
  6692 | D:5      | Found a basalt altar of Yredelemnul.
  6794 | D:5      | Found a staircase to the Ecumenical Temple.
  6817 | Temple   | Entered the Ecumenical Temple
  7589 | D:5      | Reached skill level 17 in Stealth
  7887 | D:6      | Reached XP level 9. HP: 36/41 MP: 10/10
  8255 | D:6      | Reached skill level 18 in Stealth
  8258 | D:6      | Found Ylaus's Book Shoppe.
  8439 | D:6      | Noticed Edmund
  8443 | D:6      | Killed Edmund
  8887 | D:6      | Reached skill level 19 in Stealth
  9437 | D:7      | Found a deep blue altar of Sif Muna.
  9586 | D:7      | Reached skill level 20 in Stealth
 10040 | D:7      | Reached XP level 10. HP: 46/46 MP: 11/11
 10346 | D:8      | Reached skill level 21 in Stealth
 10467 | D:8      | Noticed Erolcha
 11220 | D:8      | Killed from afar by Erolcha

Skill      XL: |  1  2  3  4  5  6  7  8  9 10 |
---------------+-------------------------------+-----
Stealth        | 6 7 8 9 11 12 14 17 20 21 | 21.4
Fighting       | |  1.5
Short Blades   | |  2.1
Throwing       | |  2.0
Dodging        | |  1.5

Action                   |  1- 3 |  4- 6 |  7- 9 | 10-12 || total
-------------------------+-------+-------+-------+-------++-------
Melee: Dagger            |    45 |   166 |   283 |    58 ||   552
       Unarmed           |     1 |       |       |       ||     1
       Quarterstaff      |       |       |     4 |     7 ||    11
 Fire: Blowgun           |    17 |    59 |     6 |     6 ||    88
       Hunting sling     |       |       |    10 |    11 ||    21
Throw: Stone             |       |       |     4 |       ||     4
Evoke: Wand              |       |       |       |     1 ||     1
  Use: Scroll            |     3 |    10 |     4 |     4 ||    21
       Potion            |       |       |       |     4 ||     4
 Stab: Sleeping          |    15 |    14 |    48 |    16 ||    93
       Distracted        |       |     3 |     2 |     1 ||     6
  Eat: Pizza             |       |     1 |       |       ||     1
       Bread ration      |       |       |     1 |       ||     1
       Fruit             |       |       |       |     3 ||     3
Armor: Robe              |     6 |    19 |    28 |     6 ||    59
Dodge: Dodged            |    33 |   127 |   186 |    50 ||   396
